 Dungeon Crawl Stone Soup version 0.28.0 (webtiles) character file.

Game seed: 15159164252729852776

144 PoweredByGinger the Shield-Bearer (level 5, -4/46 HPs)
             Began as a Minotaur Fighter on Feb 15, 2022.
             Slain by Grinder (7 damage)
             ... in a sewer.
             The game lasted 00:02:35 (1607 turns).

PoweredByGinger the Shield-Bearer (MiFi)            Turns: 1607, Time: 00:02:35

Health: -4/46      AC:  7    Str: 23    XL:     5   Next: 5%
Magic:  4/4        EV:  9    Int:  5    God:
Gold:   68         SH:  4    Dex:  9    Spells: 4/4 levels left

rFire   . . .      SeeInvis .   a - +2 hand axe (vorpal)
rCold   . . .      Faith    .   c - +0 buckler
rNeg    . . .      Spirit   .   b - +0 scale mail
rPois   .          Reflect  .   (helmet restricted)
rElec   .          Harm     .   (no cloak)
rCorr   .          Rampage  .   (no gloves)
Will    .....                   (no boots)
Stlth   ..........              (no amulet)
HPRegen 0.15/turn               (no ring)
MPRegen 0.09/turn               (no ring)

@: mighty
A: horns 2, retaliatory headbutt
a: no special abilities


You were in a sewer.
You visited 1 branch of the dungeon, and saw 4 of its levels.
You also visited: Sewer.

You collected 68 gold pieces.

Inventory:

Hand Weapons
 a - a +2 vorpal hand axe (weapon)
 f - a +0 war axe
Missiles
 n - 12 poisoned darts (quivered)
Armour
 b - a +0 scale mail (worn)
 c - a +0 buckler (worn)
Scrolls
 g - 2 scrolls of immolation
 h - 3 scrolls of teleportation {unknown}
 i - a scroll of blinking {unknown}
 j - a scroll of fear {unknown}
 k - a scroll of enchant weapon {unknown}
 l - a scroll of fog {unknown}
 m - a scroll of enchant armour {unknown}
Potions
 e - a potion of curing {unknown}


   Skills:
 - Level 3.8 Fighting
 + Level 4.6 Axes
 - Level 3.8 Armour
 + Level 5.3 Shields


You had 4 spell levels left.
You didn't know any spells.
Your spell library was empty.

Dungeon Overview and Level Annotations

Branches:
Dungeon (4/15)              Sewer (1/1)
 Temple: D:4-7

Altars:

Annotations:
Sewer Grinder


Innate Abilities, Weirdness & Mutations

You have a pair of horns on your head.
You reflexively headbutt those who attack you in melee.


Message History

Grinder comes into view.
Found 2 green potions and a potion of might.
There is an open gate here.
Found a potion of resistance.
Found a gate leading back out of this place.
The kobold hits you with a +0 dagger.
Grinder drinks a potion.
Grinder seems to speed up.
You slash the kobold!
You kill the kobold!
Grinder hits you.
You writhe in agony.
Grinder hits you.
Things that are here:
a +0 dagger; a stone; a kobold corpse Throw: 12 darts (poison)
Press: ? - help, Q - select action Shift-Dir - straight line, f - Grinder
Aim: Grinder (fast, 50% to hit)
Okay, then.
You feel very mighty all of a sudden. Grinder gestures at you.
You resist with significant effort.
You barely miss Grinder. Your headbutt misses Grinder.
Grinder says, "Mostly I couldn't keep them alive."
Grinder gestures at you. Pain shoots through your body! Grinder hits you.
You writhe in agony.
You slash Grinder!
Grinder is heavily wounded.
Grinder blinks!
Grinder hits you but does no damage. Grinder hits you.
You writhe in agony.
You hit Grinder. Your headbutt misses Grinder.
Grinder is severely wounded.
Grinder says, "My boss said I was rubbish.
His entrails said otherwise."
Grinder hits you.
* * * LOW HITPOINT WARNING * * *
You writhe in agony.
* * * LOW HITPOINT WARNING * * *
Grinder hits you!
* * * LOW HITPOINT WARNING * * *
You slash Grinder!
Grinder is almost dead.
Grinder hits you!
You die...

## #∩# ##!## ##!!!##
#≈...≈# #########
#≈...≈# ≈≈≈≈≈≈≈.+
#≈...≈# ≈≈≈≈≈≈≈.#
#≈)..≈# ≈≈≈≈≈≈≈.#.≈
#≈.@.≈# ≈≈≈≈≈≈≈.#.≈≈
#≈.5.≈#
≈≈≈≈≈≈..#.≈≈###'''##
≈≈≈≈≈...#.≈≈##.....##
#≈###.####.###..⌠...#≈
......≈≈#...#.....⌠.'..
.....≈≈≈≈...'.⌠._...'..
......≈≈#).)#†....⌠.'..
###≈#.####.###..⌠...#≈≈


You could see Grinder (fast).

Vanquished Creatures
  A wight (Sewer)
  An adder (D:3)
  4 ufetubi (Sewer)
  A worm (D:3)
  2 dart slugs (D:1)
  7 bats
  A bat zombie (Sewer)
  6 endoplasms
  4 giant cockroaches
  3 goblins (D:1)
  3 hobgoblins
  13 kobolds
  5 quokkas
  2 ball pythons (D:1)
  A frilled lizard (D:1)
  3 kobold zombies (Sewer)
  4 rats
61 creatures vanquished.

Vanquished Creatures (others)
  5 plants (D:3)
5 creatures vanquished.

Grand Total: 66 creatures vanquished

Notes
Turn   | Place    | Note
-------+----------+-------------------------------------------
     0 | D:1      | PoweredByGinger the Minotaur Fighter began the quest for
                  | the Orb.
     0 | D:1      | Reached XP level 1. HP: 19/19 MP: 0/0
   184 | D:1      | Reached XP level 2. HP: 27/27 MP: 1/1
   403 | D:1      | Reached skill level 4 in Shields
   676 | D:1      | Found a faded altar of an unknown god.
   885 | D:1      | Reached XP level 3. HP: 33/33 MP: 2/2
  1093 | D:2      | You fall into a shaft and drop 2 floors!
  1285 | D:3      | Found a glowing drain.
  1289 | Sewer    | Entered a sewer
  1311 | Sewer    | Reached XP level 4. HP: 30/40 MP: 3/3
  1546 | Sewer    | Reached skill level 5 in Shields
  1566 | Sewer    | Found an ancient bone altar of Kikubaaqudgha.
  1571 | Sewer    | Reached XP level 5. HP: 45/46 MP: 4/4
  1597 | Sewer    | Noticed Grinder
  1607 | Sewer    | Slain by Grinder

Illustrated notes

Levels and vault maps discovered:
D:1:      psy_arrival_statuary, layout_basic, hellmonk_ecumenical_altar_blasted,
          corexii_leaking_fountain, interstate_on_off, hangedman_decor_push
D:2:      layout_basic, chequers_serial_rivers_micro_b
D:3:      layout_basic, gup_sewer_entry_spiral, minmay_misc_feat_encased,
          serial_bayou_lagoon_b
D:4:      layout_basic, minmay_temple_entry_enclosed_plants, uniq_blork_the_orc
Sewer:    kennysheep_sewer_church

Skill      XL: |  1  2  3  4 |
---------------+-------------+-----
Shields        | 4 5 |  5.3
Axes           | 3 4 |  4.6
Fighting       | |  3.8
Armour         | |  3.8

Action                   |  1- 3 |  4- 6 || total
-------------------------+-------+-------++-------
Melee: War axe           |     6 |       ||     6
       Hand axe          |    71 |    38 ||   109
       Headbutt          |     6 |     6 ||    12
  Use: Potion            |       |     1 ||     1
Armor: Scale mail        |    37 |    28 ||    65
Dodge: Dodged            |    20 |    31 ||    51
Block: Buckler           |    20 |    10 ||    30
